 Dungeon Crawl Stone Soup version 0.19-a0-1008-g4c63d25 (webtiles) character file.

3608 mistymad the Fighter (level 10, -4/91 HPs)
             Began as a Ghoul Monk on July 22, 2016.
             Was a Priest of Qazlal.
             Killed from afar by an electric eel (9 damage)
             ... with a bolt of electricity
             ... on level 9 of the Dungeon.
             The game lasted 00:24:41 (7858 turns).

mistymad the Fighter (Ghoul Monk)                   Turns: 7858, Time: 00:24:42

Health: -4/91      AC: 25    Str: 25 (26) XL:     10   Next: 11%
Magic:  9/9        EV:  9    Int:  5      God:    Qazlal [***...]
Gold:   691        SH:  4    Dex: 10 (11) Spells: 0 memorised, 9 levels left

rFire  . . .     SeeInvis .     J - +2 dire flail (protect)
rCold  + . .     Gourm    .     E - +3 chain mail
rNeg   + + +     Faith    .     (shield currently unavailable)
rPois  ∞         Spirit   .     q - +2 helmet
rElec  .         Dismiss  .     M - +0 cloak
rCorr  +         Reflect  .     t - +0 pair of gloves
SustAt .         Harm     .     y - +0 pair of boots
MR     .....                    (no amulet)
Stlth  ..........               z - +2 ring of strength
                                A - ring of resist corrosion

@: mighty, very slightly contaminated, rotting, invisible, not resistant to
hostile enchantments, extremely unstealthy
A: rotting body, claws 1, carnivore 3, cold resistance 1, negative energy
resistance 3, slow regeneration 1, torment resistance, unbreathing
a: Upheaval, Elemental Force, Renounce Religion


You were on level 9 of the Dungeon.
You worshipped Qazlal.
Qazlal was most pleased with you.
You were not hungry.

You visited 2 branches of the dungeon, and saw 10 of its levels.
You also visited: Ossuary.

You collected 875 gold pieces.
You spent 184 gold pieces at shops.

Inventory:

Hand Weapons
 w - a +3 flail
 J - a +2 dire flail of protection (weapon)
Armour
 q - a +2 helmet (worn)
 t - a +0 pair of gloves (worn)
 y - a +0 pair of boots (worn)
 E - a +3 chain mail (worn)
 M - a +0 cloak (worn)
Jewellery
 z - a +2 ring of strength (right hand)
 A - a ring of resist corrosion (left hand)
Wands
 a - a wand of random effects (18/48)
 c - a wand of flame (21/48)
 e - a wand of iceblast (10/15)
 C - a wand of confusion (20/48)
 N - a wand of random effects (16/48)
 O - a wand of acid (3/15)
Scrolls
 i - 7 scrolls of remove curse
 j - a scroll of identify
 l - a scroll of fog
 u - a scroll of recharging
 B - 3 scrolls of enchant weapon
 D - a scroll of magic mapping
Potions
 g - 3 potions of brilliance
 h - a potion of cancellation
 n - a potion of might
 o - a potion of magic {unknown}
 v - 2 potions of flight
 H - a potion of ambrosia
Comestibles
 b - 2 meat rations
 d - 5 chunks of flesh
 k - a beef jerky
 F - a slice of pizza


   Skills:
 + Level 9.5 Fighting
 + Level 7.9 Maces & Flails
 + Level 7.3 Armour
 - Level 3.3 Dodging
 - Level 2.1 Stealth


You had 9 spell levels left.
You didn't know any spells.

Dungeon Overview and Level Annotations

Branches:
Dungeon (9/15)             Temple (1/1) D:7            Lair (0/6) D:9
    Orc: D:9-12

Altars:
Ashenzari
Cheibriados
Elyvilon
Fedhas
Gozag
Hepliaklqana
Kikubaaqudgha
Makhleb
Nemelex Xobeh
Okawaru
Qazlal
Ru
Sif Muna
Trog
Uskayaw
Vehumet
Xom
Yredelemnul
Zin
The Shining One

Shops:
D:4 *   D:6 (

Annotations:
D:3 Sigmund


Innate Abilities, Weirdness & Mutations

Your body is rotting away.
You thrive on raw meat.
You are immune to poison.
You have sharp fingernails.
You are carnivorous and can eat meat at any time.
Your flesh is cold resistant. (rC+)
You are immune to negative energy. (rN+++)
You regenerate slowly when monsters are visible.
You are immune to unholy pain and torment.
You can survive without breathing.


Message History

The ice beast closely misses you.
The electric eel is engulfed in freezing vapours.
The electric eel seems to slow down.
You kill the electric eel!
Qazlal accepts your kill.
You are very lightly contaminated with residual magic.
You impale the ice beast!!
The ice beast is almost dead.
The electric eel shoots out a bolt of lightning at you!
The bolt of electricity hits you!
* * * LOW HITPOINT WARNING * * *
You take 6 damage, and have 5/91 hp.
Unknown command.
Okay, then.
You puncture the ice beast!
You kill the ice beast!
Qazlal accepts your kill.
The electric eel shoots out a bolt of lightning at you!
The bolt of electricity hits you!
You die...

♣♣♣≈≈≈♣♣♣≈≈≈♣♣♣≈.≈♣♣♣
≈≈≈≈$≈≈≈≈≈.≈≈≈≈≈.≈≈≈≈
.≈..≈.≈≈....≈.....≈≈≈
≈≈≈≈≈≈≈≈≈≈≈≈≈≈≈.≈≈≈
♣≈.≈♣ ♣≈≈≈♣ ♣≈≈≈♣ $
♣≈≈≈♣ ♣≈≈≈♣ ♣≈.≈♣
#.≈♣♣♣≈;≈♣♣♣≈≈≈♣♣♣≈.≈♣♣♣
#.≈≈≈≈≈≈≈≈≈≈≈≈≈≈≈≈≈.≈≈≈≈
#.≈...≈@§.†≈.≈≈...≈.≈...
########################


You could see an electric eel.

Vanquished Creatures
  Joseph (D:8)
  A water moccasin (D:7)
  An orc warrior (D:7)
  A sky beast (D:5)
  2 ogres
  An ice beast (D:9)
  A centaur (D:7)
  4 big kobolds
  2 elf zombies (Ossuary)
  4 giant frogs
  A wyvern skeleton (D:8)
  A scorpion (D:5)
  5 killer bees (D:8)
  6 electric eels (D:9)
  2 howler monkeys (D:8)
  A giant frog zombie (D:5)
  3 crimson imps
  2 centaur zombies
  A jelly (D:5)
  5 orc priests
  Crazy Yiuf (D:7)
  3 hounds
  2 giant frog skeletons
  Jessica (D:3)
  Ijyb (D:3)
  2 iguanas
  Natasha (thrice) (D:4)
  8 orc wizards
  4 worker ants
  A big kobold zombie (Ossuary)
  2 mummies (Ossuary)
  5 gnolls
  8 adders
  3 adder zombies
  An adder skeleton (D:5)
  3 worms
  2 dart slugs
  5 giant geckos
  21 orcs
  7 bats
  8 giant cockroaches
  A gnoll zombie (Ossuary)
  28 hobgoblins
  4 jackals
  4 quokkas
  2 ball pythons
  4 giant newts
  29 goblins
  3 goblin zombies (Ossuary)
  6 hobgoblin zombies (Ossuary)
  10 kobolds
  An orc zombie (Ossuary)
  A quokka zombie (D:5)
  7 rats
236 creatures vanquished.

Notes
Turn   | Place    | Note
-------+----------+-------------------------------------------
     0 | D:1      | mistymad the Ghoul Monk began the quest for the Orb.
     0 | D:1      | Reached XP level 1. HP: 19/19 MP: 0/0
    85 | D:1      | Reached XP level 2. HP: 17/26 MP: 1/1
   705 | D:2      | Reached XP level 3. HP: 20/33 MP: 2/2
   873 | D:2      | Reached skill level 1 in Armour
  1130 | D:2      | Reached skill level 4 in Fighting
  1161 | D:2      | Found a faded altar of an unknown god.
  1199 | D:2      | Reached XP level 4. HP: 38/40 MP: 3/3
  1469 | D:2      | Found a radiant altar of Vehumet.
  1639 | D:3      | Noticed Ijyb
  1682 | D:3      | Killed Ijyb
  1682 | D:3      | Reached XP level 5. HP: 36/47 MP: 4/4
  1795 | D:3      | Found a basalt altar of Yredelemnul.
  1986 | D:3      | Noticed Jessica
  2099 | D:3      | Killed Jessica
  2327 | D:3      | Reached XP level 6. HP: 54/54 MP: 5/5
  2430 | D:3      | Reached skill level 5 in Fighting
  2631 | D:3      | Reached XP level 7. HP: 49/61 MP: 6/6
  2886 | D:3      | Noticed Sigmund
  3462 | D:4      | Reached skill level 6 in Fighting
  3572 | D:4      | Noticed Natasha
  3580 | D:4      | Killed Natasha
  3609 | D:4      | Noticed Natasha
  3624 | D:4      | Killed Natasha
  3624 | D:4      | Reached skill level 5 in Maces & Flails
  3629 | D:4      | Noticed Natasha
  3633 | D:4      | Killed Natasha
  3659 | D:4      | Found a sacrificial altar of Ru.
  3865 | D:4      | Found Zin's Purification Station.
  3866 | D:4      | Found a glowing silver altar of Zin.
  3936 | D:4      | Reached XP level 8. HP: 71/71 MP: 7/7
  4071 | D:5      | Entered Level 5 of the Dungeon
  4444 | D:5      | Reached skill level 7 in Fighting
  4657 | D:5      | Found a hazy altar of Hepliaklqana.
  4728 | D:5      | Found a bloodstained altar of Trog.
  4771 | D:5      | Reached skill level 5 in Armour
  4903 | D:5      | Found a deep blue altar of Sif Muna.
  5144 | D:6      | Found a blossoming altar of Fedhas.
  5573 | D:6      | Found Kigufo's Weapon Boutique.
  5590 | D:6      | Bought a +2 dire flail of protection for 184 gold pieces
  5715 | D:7      | Reached XP level 9. HP: 48/80 MP: 8/8
  5874 | D:7      | Found a staircase to the Ecumenical Temple.
  5900 | Temple   | Entered the Ecumenical Temple
  5965 | Temple   | Became a worshipper of Qazlal Stormbringer
  5965 | Temple   | Reached * piety under Qazlal
  5965 | Temple   | Reached ** piety under Qazlal
  6014 | D:7      | Reached skill level 8 in Fighting
  6594 | D:7      | Found a runed door.
  6598 | D:7      | Noticed Crazy Yiuf
  6602 | D:7      | Killed Crazy Yiuf
  6750 | D:8      | Noticed Joseph
  6769 | D:8      | Killed Joseph
  6857 | D:8      | Found a sand-covered staircase.
  6862 | Ossuary  | Entered an ossuary
  7022 | D:8      | Found a sparkling altar of Nemelex Xobeh.
  7073 | D:8      | Found a burning altar of Makhleb.
  7073 | D:8      | Found an iron altar of Okawaru.
  7231 | D:8      | Reached skill level 9 in Fighting
  7613 | D:8      | Got a polished ring mail
  7614 | D:8      | Identified the cursed +0 ring mail of the Vacuum {rF+} (You found it on level 8 of the Dungeon)
  7727 | D:9      | Reached *** piety under Qazlal
  7727 | D:9      | Reached XP level 10. HP: 86/91 MP: 9/9
  7737 | D:9      | Found a staircase to the Lair.
  7858 | D:9      | Killed from afar by an electric eel

Vault maps used:
D:1:      dpeg_arrival_simpleton_b
D:2:      marbit_many_paths, ecumenical_altar_2
D:3:      minmay_goblin_kobold_castle, yredelemnul_altar_generic, first_bread,
          uniq_iyjb, uniq_sigmund, uniq_jessica
D:4:      nicolae_ru_awakened_eye, zin_purify, hangedman_decor_points,
          uniq_natasha
D:5:      kennysheep_mini_moat, old_standard_altar, lemuel_blue_sif_altar,
          serial_park_tiny_2
D:6:      fedhas_altar_2, serial_shops, shop_coins
D:7:      uniq_crazy_yiuf_cottage
D:8:      gammafunk_temple_overflow_statue, nemelex_xobeh_ov_fountains_minmay,
          enter_ossuary_5, uniq_joseph
D:9:      lemuel_coloured_pillars_altar, kennysheep_little_box, lair_0_dummy,
          hangedman_little_slice_of_home, kennysheep_boxes
Temple:   dpeg_three_leaves_temple
Ossuary:  minmay_ossuary_gauntlet

Skill      XL: |  1  2  3  4  5  6  7  8  9 |
---------------+----------------------------+-----
Maces & Flails | 3 4 5 6 7 |  7.9
Armour         | 1 2 3 4 5 7 |  7.3
Dodging        | 3 |  3.3
Fighting       | 4 5 6 7 9 |  9.5
Stealth        | |  2.1

Action                   |  1- 3 |  4- 6 |  7- 9 | 10-12 || total
-------------------------+-------+-------+-------+-------++-------
Melee: Mace              |   104 |   163 |       |       ||   267
       Flail             |       |   133 |   296 |       ||   429
       Dire flail        |       |       |   245 |    45 ||   290
  Use: Scroll            |     3 |     1 |    15 |     1 ||    20
       Potion            |       |       |       |    11 ||    11
 Stab: Sleeping          |     3 |       |       |       ||     3
  Eat: Chunk             |     3 |    17 |    36 |     2 ||    58
       Meat ration       |       |     1 |       |       ||     1
Armor: Robe              |     2 |       |       |       ||     2
       Plate armour      |    80 |   303 |   165 |       ||   548
       Leather armour    |     2 |       |       |       ||     2
       Chain mail        |       |       |   214 |    31 ||   245
Dodge: Dodged            |    55 |   119 |   247 |    15 ||   436
Block: Other             |       |       |    26 |     3 ||    29
